 Dungeon Crawl Stone Soup version 0.22-a0-278-g8f80174 (webtiles) character file.

1737 Vesto the Skirmisher (level 9, -22/55 HPs)
             Began as a Gargoyle Fighter on Mar 15, 2018.
             Was a Follower of Okawaru.
             Annihilated by a komodo dragon (24 damage)
             ... on level 8 of the Dungeon.
             The game lasted 00:13:33 (5915 turns).

Vesto the Skirmisher (Gargoyle Fighter)             Turns: 5915, Time: 00:13:33

Health: -22/55     AC: 18    Str: 25    XL:     9   Next: 5%
Magic:  15/15      EV: 13    Int: 15    God:    Okawaru [*.....]
Gold:   302        SH:  5    Dex:  6    Spells: 11/16 levels left

rFire    . . .     SeeInvis +   a - +0 war axe
rCold    . . .     Gourm    .   c - +0 buckler
rNeg     + + .     Faith    .   j - +3 leather armour {rN+}
rPois    ∞         Spirit   .   (no helmet)
rElec    +         Reflect  .   x - +0 cloak "Roeduat" {Str+4 Dex-3 SInv}
rCorr    .         Harm     .   u - +2 pair of gloves
MR       +....                  (no boots)
Stlth    ++........             A - amulet "Comioka" {RegenMP +Inv}
HPRegen  0.18/turn              D - ring of protection from magic
MPRegen  0.39/turn              y - +4 ring of intelligence

@: heroism
A: negative energy resistance 1, electricity resistance, unbreathing,
petrification resistance, rot immunity, AC +6
a: Heroism, Renounce Religion, Evoke Invisibility


You were on level 8 of the Dungeon.
You worshipped Okawaru.
Okawaru was aware of your devotion.
You were hungry.

You visited 2 branches of the dungeon, and saw 9 of its levels.

You collected 365 gold pieces.
You spent 63 gold pieces at shops.

Inventory:

Hand Weapons
 a - a +0 war axe (weapon)
Missiles
 e - 2 throwing nets (quivered)
Armour
 c - a +0 buckler (worn)
 j - a +3 leather armour of positive energy (worn)
 u - a +2 pair of gloves (worn)
 x - the +0 cloak "Roeduat" (worn) {Str+4 Dex-3 SInv}
   (You found it on level 5 of the Dungeon)

   It affects your strength (+4).
   It affects your dexterity (-3).
   It lets you see invisible.
Magical Staves
 F - an uncursed staff of death
Jewellery
 y - a +4 ring of intelligence (right hand)
 A - the amulet "Comioka" (around neck) {RegenMP +Inv}
   (You found it on level 4 of the Dungeon)

   [amulet of magic regeneration]

   It increases your magic regeneration.
   It lets you turn invisible.
 D - a ring of protection from magic (left hand)
Wands
 b - a wand of clouds (4)
 s - a wand of enslavement (10)
 t - a wand of iceblast (8)
 v - a wand of disintegration (8)
 w - a wand of polymorph (14)
Scrolls
 g - 3 scrolls of identify
 k - 4 scrolls of remove curse
 n - 2 scrolls of teleportation
 o - a scroll of magic mapping
 p - a scroll of enchant weapon {unknown}
 q - a scroll of amnesia
 C - a scroll of blinking
Potions
 d - a potion of might
 i - 4 potions of curing
 l - 2 potions of agility
 r - a potion of cancellation
 z - a potion of berserk rage
 E - a potion of ambrosia
Comestibles
 f - 18 rations
 h - 3 chunks of flesh


   Skills:
 * Level 6.0(11.0) Fighting
 * Level 4.5(9.5) Axes
 - Level 2.0(7.0) Throwing
 + Level 4.8(9.8) Armour
 + Level 2.4(7.4) Dodging
 - Level 4.0(9.0) Shields
 * Level 4.0 Spellcasting
 + Level 1.1 Transmutations
 * Level 2.3 Ice Magic
 + Level 2.3 Invocations
 * Level 2.8 Evocations


You had 11 spell levels left.
You knew the following spells:

 Your Spells              Type           Power        Failure   Level  Hunger
a - Ice Form              Ice/Tmut       #.......     67%         4    ####...
b - Beastly Appendage     Tmut           #.....       12%         1    None


Dungeon Overview and Level Annotations

Branches:
Dungeon (8/15)             Temple (1/1) D:4
   Lair: D:8-11

Altars:
Ashenzari
Cheibriados
Dithmenos
Elyvilon
Fedhas
Gozag
Hepliaklqana
Kikubaaqudgha
Makhleb
Nemelex Xobeh
Okawaru
Qazlal
Ru
Sif Muna
Trog
Uskayaw
Wu Jian
Xom
Yredelemnul
Zin
The Shining One

Shops:
D:4 [

Annotations:
D:6 exclusion: downstairs, Prince Ribbit


Innate Abilities, Weirdness & Mutations

You are resistant to torment.
Your stone body is resilient. (AC +6)
You are immune to poison.
You resist negative energy. (rN+)
You are resistant to electric shocks. (rElec)
You can survive without breathing.
You are immune to petrification.
You are immune to rotting.


Message History

The komodo dragon is heavily wounded.
The komodo dragon barely misses you.
You feel much better. The komodo dragon bites you!
* * * LOW HITPOINT WARNING * * *
You gain the combat prowess of a mighty hero.
The komodo dragon barely misses you.
You hit the komodo dragon.
The komodo dragon is severely wounded.
The komodo dragon closely misses you.
You barely miss the komodo dragon.
The komodo dragon is severely wounded.
The komodo dragon bites you!
* * * LOW HITPOINT WARNING * * *
You slash the komodo dragon!
The komodo dragon is almost dead.
The komodo dragon closely misses you.
You closely miss the komodo dragon.
The komodo dragon is almost dead.
The komodo dragon bites you!!
You die...

### ... #..
#.# #.# #.#
#.#
.#########<#
......l@...#
############


You could see a komodo dragon.

Vanquished Creatures
  Duvessa (D:6)
  An orc warrior (D:7)
  A sky beast (D:8)
  A black bear (D:6)
  A phantom (D:5)
  2 centaurs
  4 bullfrogs
  Dowan (D:6)
  A crimson imp (D:6)
  2 bullfrog zombies (D:6)
  A centaur skeleton (D:4)
  An orc priest (D:6)
  A jelly (D:6)
  5 orc wizards
  2 iguanas
  Natasha (thrice) (D:2)
  4 worker ants
  A hound skeleton (D:4)
  4 gnolls (D:5)
  7 adders
  2 oozes
  2 worms
  A dart slug (D:1)
  4 leopard geckos
  16 orcs
  A ball python (D:2)
  7 bats
  4 giant cockroaches
  9 goblins
  8 hobgoblins
  5 jackals
  7 kobolds
  A quokka (D:3)
  4 frilled lizards
  A leopard gecko skeleton (D:6)
  5 rats
121 creatures vanquished.

Vanquished Creatures (others)
  An orc wizard (D:7)
1 creature vanquished.

Grand Total: 122 creatures vanquished

Notes
Turn   | Place    | Note
-------+----------+-------------------------------------------
     0 | D:1      | Vesto the Gargoyle Fighter began the quest for the Orb.
     0 | D:1      | Reached XP level 1. HP: 14/14 MP: 1/1
    87 | D:1      | Reached XP level 2. HP: 11/19 MP: 2/2
   300 | D:3      | Reached XP level 3. HP: 16/23 MP: 2/4
   379 | D:4      | Reached skill level 1 in Spellcasting
   636 | D:4      | Reached XP level 4. HP: 28/29 MP: 5/5
   699 | D:4      | Reached skill level 4 in Fighting
   699 | D:4      | Reached skill level 1 in Throwing
   747 | D:4      | Found a staircase to the Ecumenical Temple.
   763 | Temple   | Entered the Ecumenical Temple
   862 | Temple   | Became a worshipper of Warmaster Okawaru
  1023 | D:3      | Reached XP level 5. HP: 33/33 MP: 7/7
  1111 | D:2      | Reached skill level 1 in Dodging
  1680 | D:2      | Noticed Natasha
  1692 | D:2      | Killed Natasha
  1752 | D:2      | Noticed Natasha
  1756 | D:2      | Killed Natasha
  1756 | D:2      | Reached XP level 6. HP: 30/38 MP: 9/9
  1984 | D:2      | Noticed Natasha
  1994 | D:2      | Killed Natasha
  2741 | D:4      | Found Ruczeat's Armour Emporium.
  2775 | D:4      | Got a crude golden amulet
  3060 | D:5      | Entered Level 5 of the Dungeon
  3067 | D:5      | Identified the amulet "Comioka" {RegenMP +Inv} (You found it on level 4 of the Dungeon)
  3110 | D:5      | Reached XP level 7. HP: 17/44 MP: 10/10
  3677 | D:5      | Reached skill level 1 in Evocations
  4356 | D:5      | Got a spiked cloak
  4362 | D:5      | Identified the cursed +0 cloak "Roeduat" {Str+4 Dex-3 SInv} (You found it on level 5 of the Dungeon)
  4449 | D:6      | Reached skill level 5 in Fighting
  4459 | D:6      | Reached skill level 1 in Invocations
  4875 | D:6      | Reached * piety under Okawaru
  4875 | D:6      | Reached XP level 8. HP: 40/49 MP: 12/12
  5081 | D:6      | Learned a level 4 spell: Ice Form
  5135 | D:4      | Bought a +0 buckler for 63 gold pieces
  5164 | D:6      | Learned a level 1 spell: Beastly Appendage
  5173 | D:6      | Noticed Dowan
  5174 | D:6      | Noticed Duvessa
  5193 | D:6      | Killed Duvessa
  5212 | D:6      | Killed Dowan
  5212 | D:6      | Reached skill level 1 in Ice Magic
  5367 | D:6      | Noticed Prince Ribbit
  5830 | D:7      | Reached skill level 1 in Transmutations
  5843 | D:7      | Reached XP level 9. HP: 31/55 MP: 14/14
  5882 | D:8      | Noticed a komodo dragon
  5897 | D:8      | Reached skill level 6 in Fighting
  5905 | D:8      | HP: 2/55 [komodo dragon (21)]
  5913 | D:8      | HP: 2/55 [komodo dragon (9)]
  5915 | D:8      | Annihilated by a komodo dragon

Vault maps used:
D:1:      wheals_arrival_shading
D:2:      uniq_natasha
D:3:      first_ration, minmay_misc_feat_pillars, minmay_ruptured
D:4:      minmay_temple_entry_junction, serial_shops, shop,
          kennysheep_windowed_goal
D:6:      uniq_prince_ribbit1, uniq_duvessa
D:8:      kennysheep_mini, lair_entry_dummy, uniq_erica
Temple:   kilobyte_greek_temple

Skill      XL: |  1  2  3  4  5  6  7  8  9 |
---------------+----------------------------+-----
Axes           | 2 3 4 |  4.5
Spellcasting   | 1 2 3 4 |  4.0
Fighting       | 4 5 6 |  6.0
Throwing       | 1 2 |  2.0
Dodging        | 1 2 |  2.4
Shields        | 4 |  4.0
Armour         | 4 |  4.8
Evocations     | 1 2 |  2.8
Invocations    | 1 2 |  2.3
Ice Magic      | 2 |  2.3
Transmutations | 1 |  1.1

Action                   |  1- 3 |  4- 6 |  7- 9 || total
-------------------------+-------+-------+-------++-------
Melee: War axe           |    76 |   246 |   308 ||   630
Invok: Heroism           |       |       |     5 ||     5
  Use: Scroll            |       |    11 |     2 ||    13
       Potion            |       |       |    12 ||    12
  Eat: Chunk             |       |     7 |    10 ||    17
Armor: Scale mail        |    59 |       |       ||    59
       Chain mail        |    42 |   192 |   237 ||   471
       Leather armour    |       |       |    31 ||    31
Dodge: Dodged            |    34 |    85 |   140 ||   259
Block: Shield            |    75 |   148 |   108 ||   331
       Buckler           |       |       |    40 ||    40

Table legend:
 A = Spawn XP
 B = Non-spawn XP
 C = Spawn XP percentage of total XP
 D = Spawn monster count
 E = Non-spawn monster count
 F = Spawn count percentage of total count
 G = Total turns spent on level
                    A         B        C        D         E        F      G
               +---------+---------+-------+---------+---------+-------+---------
         Total |       0 |    2482 |   0.0 |       0 |     122 |   0.0 |  5915
               +---------+---------+-------+---------+---------+-------+---------
           D:1 |       0 |      39 |   0.0 |       0 |      21 |   0.0 |   470
           D:2 |       0 |     172 |   0.0 |       0 |      15 |   0.0 |   863
           D:3 |       0 |     235 |   0.0 |       0 |      32 |   0.0 |   717
           D:4 |       0 |     126 |   0.0 |       0 |       9 |   0.0 |   869
           D:5 |       0 |     325 |   0.0 |       0 |       8 |   0.0 |  1365
           D:6 |       0 |    1130 |   0.0 |       0 |      29 |   0.0 |  1260
           D:7 |       0 |     326 |   0.0 |       0 |       7 |   0.0 |   111
           D:8 |       0 |     129 |   0.0 |       0 |       1 |   0.0 |    34
               +---------+---------+-------+---------+---------+-------+---------
